 Dungeon Crawl Stone Soup version 0.23.2-1-ga50397a6bc (webtiles) character file.

Game seed: 13147728853902065057

96 Andrea the Insei (level 4, 0/29 HPs)
             Began as an Octopode Transmuter on May 29, 2019.
             Slain by a gnoll
             ... wielding a +0 whip
              (9 damage)
             ... on level 3 of the Dungeon.
             The game lasted 00:02:40 (1764 turns).

Andrea the Insei (Octopode Transmuter)              Turns: 1764, Time: 00:02:40

Health: 0/29       AC:  1    Str: 10    XL:     4   Next: 67%
Magic:  5/7        EV: 13    Int: 15    God:
Gold:   84         SH:  0    Dex: 12    Spells: 1/7 levels left

rFire    . . .     SeeInvis .     - Unarmed
rCold    . . .     Gourm    .   (no shield)
rNeg     . . .     Faith    .   (helmet restricted)
rPois    .         Spirit   .   (no amulet)
rElec    .         Reflect  .   d - ring of stealth
rCorr    .         Harm     .   (no ring)
MR       .....                  (no ring)
Stlth    +++.......             (no ring)
HPRegen  0.09/turn              (no ring)
MPRegen  0.10/turn              (no ring)
                                (no ring)
                                (no ring)

@: appendage
A: almost no armour, stealthy swim, amphibious, 8 rings, constrict 8, tentacle
spike 3, camouflage 1, gelatinous body 1
a: End Transformation


You were on level 3 of the Dungeon.
You were not hungry.
One of your tentacles had a temporary spike.
You visited 1 branch of the dungeon, and saw 3 of its levels.

You collected 84 gold pieces.

Inventory:

Missiles
 a - 19 arrows
Jewellery
 d - a ring of stealth (left tentacle)
Wands
 l - a wand of paralysis (5)
Scrolls
 b - 2 scrolls of immolation {unknown}
 f - 4 scrolls of identify {unknown}
 h - 4 scrolls of remove curse {unknown}
 i - a scroll of blinking {unknown}
 k - a scroll of magic mapping {unknown}
Potions
 e - a potion of heal wounds {unknown}
 g - 3 potions of agility {unknown}
Comestibles
 c - 3 rations
 j - 2 chunks of flesh


   Skills:
 + Level 1.9 Fighting
 - Level 2.0 Dodging
 * Level 3.8 Unarmed Combat
 + Level 2.4 Spellcasting
 * Level 2.8 Transmutations
 * Level 1.6 Poison Magic


You had one spell level left.
You knew the following spells:

 Your Spells              Type           Power        Failure   Level  Hunger
a - Beastly Appendage     Tmut           ##....       6%          1    #......
b - Sticks to Snakes      Tmut           ##......     10%         2    ###....
c - Spider Form           Tmut/Pois      #.........   26%         3    ###....

Your spell library contained the following spells:

 Spells                   Type           Power        Failure   Level  Hunger
 Ice Form                 Ice/Tmut       #.......     75%         4    #####..
 Blade Hands              Tmut           ##........   87%         5    ######.


Dungeon Overview and Level Annotations

Branches:
Dungeon (3/15)

Altars:


Innate Abilities, Weirdness & Mutations

You cannot wear most types of armour.
You are very stealthy in the water. (Stealth+)
You are amphibious.
You can wear up to eight rings at the same time.
You can use your tentacles to constrict eight enemies at once.
Your skin changes colour to match your surroundings (Stealth+).
Your rubbery body absorbs attacks. (AC +1, EV +1)
One of your tentacles bears a large vicious spike.


Message History

The gnoll hits you.
You hit the gnoll but do no damage.
The gnoll looks as sick as possible!
The gnoll is severely wounded.
Your transformation has ended.
The gnoll hits you.
You tentacle-slap the gnoll.
You kill the gnoll!
Casting: Spider Form (safe; 26% risk of failure)
Confirm with . or Enter, or press ? or * to list all spells.
One of your tentacles grows a vicious spike.
The gnoll hits you with a +0 whip.
You tentacle-slap the gnoll but do no damage.
You grab the gnoll.
You pierce the gnoll.
The gnoll is lightly wounded.
You constrict the gnoll, but do no damage.
The gnoll misses you.
You tentacle-slap the gnoll.
The gnoll is heavily wounded.
You constrict the gnoll. The gnoll hits you with a +0 whip!
You die...

#...#.#.# #.#
##.##.#.# #.#
#......# ...
####.### #.# #.#
#g############# #.#
#.............# #.#
..............####.#
.†..#.....)....g@..#
.#..........%.######
.#.###..#...#.#
.#..... #####.#
##### ..# .# ### .#
g## ..#


You could see a gnoll.

Vanquished Creatures
  3 gnolls (D:3)
  An adder (D:2)
  3 worms (D:2)
  2 leopard geckos (D:1)
  A ball python (D:1)
  9 bats
  3 giant cockroaches
  10 goblins
  4 hobgoblins
  4 kobolds
  2 quokkas (D:2)
  A frilled lizard (D:2)
  2 rats (D:1)
45 creatures vanquished.

Notes
Turn   | Place    | Note
-------+----------+-------------------------------------------
     0 | D:1      | Andrea the Octopode Transmuter began the quest for the Orb.
     0 | D:1      | Reached XP level 1. HP: 13/13 MP: 3/3
    97 | D:1      | Reached XP level 2. HP: 16/18 MP: 5/5
   267 | D:1      | Learned a level 2 spell: Sticks to Snakes
   501 | D:1      | Reached XP level 3. HP: 17/23 MP: 3/6
   990 | D:2      | Learned a level 3 spell: Spider Form
  1378 | D:2      | Reached skill level 1 in Poison Magic
  1378 | D:2      | Reached XP level 4. HP: 26/29 MP: 5/7
  1764 | D:3      | Slain by a gnoll

Skill      XL: |  1  2  3 |
---------------+----------+-----
Poison Magic   | 1 |  1.6
Fighting       | |  1.9
Dodging        | |  2.0
Unarmed Combat | |  3.8
Spellcasting   | |  2.4
Transmutations | |  2.8

Action                   |  1- 3 |  4- 6 || total
-------------------------+-------+-------++-------
Melee: Unarmed           |    76 |    29 ||   105
       Constrict         |    19 |     5 ||    24
       Tentacles         |     8 |     3 ||    11
       Kick              |    12 |     4 ||    16
       Punch             |     1 |       ||     1
 Cast: Beastly Appendage |    16 |     5 ||    21
       Spider Form       |       |     1 ||     1
 Stab: Sleeping          |     7 |     1 ||     8
  Eat: Chunk             |     2 |     1 ||     3
Armor: Skin              |    14 |       ||    14
Dodge: Dodged            |    42 |    19 ||    61
